| TOP OF THE 1ST |
|
Rochester Red Wings batting - Pitching for Omaha Storm Chasers : RHP Andrew Tipton
|
|
Pitching: RHP Andrew Tipton
|
|
|
Batting: RHB Alex Sandoval
|
0-0: Ball 1-0: Swinging Strike 1-1: Swinging Strike 1-2: Foul Ball, location: 2F 1-2: Hit by Pitch
|
|
Batting: RHB Väinö Tapaninen
|
0-0: Called Strike 0-1: Called Strike Alex Sandoval steals 2nd base 0-2: Ball 1-2: Ball 2-2: Foul Ball, location: 2F 2-2: Ground out 6-3 (Groundball, 6, EV 90.0 MPH) Alex Sandoval to third
|
|
Batting: LHB Yat-sen Zhu
|
0-0: Ball 1-0: Ball 2-0: DOUBLE (Flyball, 89D, EV 91.2 MPH) Alex Sandoval scores
|
|
Batting: RHB Jimmy Buzard
|
0-0: Ball 1-0: Called Strike 1-1: Foul Ball, location: 2F 1-2: Ball 2-2: Foul Ball, location: 2F 2-2: Foul Ball, location: 2F 2-2: Ball 3-2: Fly out, F8 (Flyball, 8RD, EV 101.2 MPH)
|
|
Batting: RHB Israel Gaona
|
0-0: Foul Ball, location: 2F 0-1: Ball 1-1: Foul Ball, location: 2F 1-2: Strikes out swinging
|
| Top of the 1st over - 1 run, 1 hit, 0 errors, 1 left on base; Rochester 1 - Omaha 0 |
| BOTTOM OF THE 1ST |
|
Omaha Storm Chasers batting - Pitching for Rochester Red Wings : RHP George Cooper
|
|
Pitching: RHP George Cooper
|
|
|
Batting: RHB Matt Belgard
|
0-0: Foul Ball, location: 2F 0-1: Fly out, F4 (Line Drive, 4D, EV 71.9 MPH)
|
|
Batting: LHB Roman Downey
|
0-0: Ball 1-0: SINGLE (Line Drive, 4D, EV 94.4 MPH)
|
|
Batting: RHB Adam Martin
|
0-0: Ball 1-0: Called Strike 1-1: Called Strike 1-2: Fly out, F8 (Flyball, 8LM, EV 98.1 MPH)
|
|
Batting: LHB Pete Hansel
|
0-0: Foul Ball, location: 2F 0-1: Ball 1-1: Ball 2-1: Fly out, F8 (Flyball, 8LD, EV 80.6 MPH)
|
| Bottom of the 1st over - 0 runs, 1 hit, 0 errors, 1 left on base; Rochester 1 - Omaha 0 |
| TOP OF THE 2ND |
|
Rochester Red Wings batting - Pitching for Omaha Storm Chasers : RHP Andrew Tipton
|
|
Batting: LHB Gerardo Flores
|
0-0: Foul Ball, location: 2F 0-1: Ball 1-1: SINGLE (Line Drive, 9S, EV 104.4 MPH)
|
|
Pitching: RHP Joe Jordahl
|
|
|
Batting: RHB Yonetoshi Muranaka
|
0-0: Ball 1-0: Called Strike 1-1: Ball 2-1: Foul Ball, location: 2F 2-2: SINGLE (Groundball, 6MD, EV 100.6 MPH) Gerardo Flores to second
|
|
Batting: RHB Tony Rivera
|
0-0: Ball 1-0: Fly out, F3 (Line Drive, 3L, EV 70.6 MPH)
|
|
Batting: RHB Aaron Trotman
|
0-0: Called Strike 0-1: Ball 1-1: Grounds into double play, 4-6-3 (Groundball, 4, EV 106.2 MPH)
|
| Top of the 2nd over - 0 runs, 2 hits, 0 errors, 1 left on base; Rochester 1 - Omaha 0 |
| BOTTOM OF THE 2ND |
|
Omaha Storm Chasers batting - Pitching for Rochester Red Wings : RHP George Cooper
|
|
Batting: RHB Walt Cogswell
|
0-0: Ball 1-0: Called Strike 1-1: Fly out, F8 (Flyball, 89M, EV 96.9 MPH)
|
|
Batting: LHB Robby Diaz
|
0-0: Called Strike 0-1: Ball 1-1: Foul Ball, location: 2F 1-2: Foul Ball, location: 2F 1-2: Foul Ball, location: 2F 1-2: Foul Ball, location: 2F 1-2: Strikes out swinging
|
|
Batting: LHB Danny Bailey
|
0-0: Fly out, F8 (Flyball, 8RXD, EV 101.9 MPH)
|
| Bottom of the 2nd over - 0 runs, 0 hits, 0 errors, 0 left on base; Rochester 1 - Omaha 0 |
| TOP OF THE 3RD |
|
Rochester Red Wings batting - Pitching for Omaha Storm Chasers : RHP Joe Jordahl
|
|
Batting: RHB Alex Sandoval
|
0-0: Ball 1-0: Foul Ball, location: 2F 1-1: Ball 2-1: Foul Ball, location: 2F 2-2: Strikes out looking
|
|
Batting: RHB Väinö Tapaninen
|
0-0: Called Strike 0-1: Swinging Strike 0-2: Strikes out swinging
|
|
Batting: LHB Yat-sen Zhu
|
0-0: Ball 1-0: Foul Ball, location: 2F 1-1: SINGLE (Flyball, 6MD, EV 90.6 MPH)
|
|
Batting: RHB Jimmy Buzard
|
0-0: Ball 1-0: Fly out, F7 (Flyball, 78S, EV 88.1 MPH)
|
| Top of the 3rd over - 0 runs, 1 hit, 0 errors, 1 left on base; Rochester 1 - Omaha 0 |
| BOTTOM OF THE 3RD |
|
Omaha Storm Chasers batting - Pitching for Rochester Red Wings : RHP George Cooper
|
|
Batting: RHB Marco Diaz
|
0-0: Swinging Strike 0-1: Ball 1-1: Ground out 1-3 (Groundball, 15, EV 70.0 MPH)
|
|
Batting: RHB Jerry Castillo
|
0-0: Called Strike 0-1: Swinging Strike 0-2: Strikes out swinging, 2-3 out at first.
|
|
Batting: RHB Matt Belgard
|
0-0: Called Strike 0-1: Ball 1-1: Foul Ball, location: 2F 1-2: DOUBLE (Line Drive, 3D, EV 97.5 MPH)
|
|
Batting: LHB Roman Downey
|
0-0: Foul Ball, location: 2F 0-1: Swinging Strike 0-2: Ball 1-2: Foul Ball, location: 2F 1-2: Foul Ball, location: 2F 1-2: Fly out, F7 (Flyball, 7, EV 90.6 MPH)
|
| Bottom of the 3rd over - 0 runs, 1 hit, 0 errors, 1 left on base; Rochester 1 - Omaha 0 |
| TOP OF THE 4TH |
|
Rochester Red Wings batting - Pitching for Omaha Storm Chasers : RHP Joe Jordahl
|
|
Batting: RHB Israel Gaona
|
0-0: Called Strike 0-1: Ball 1-1: Swinging Strike 1-2: Foul Ball, location: 2F 1-2: Ball 2-2: Strikes out swinging
|
|
Batting: LHB Gerardo Flores
|
0-0: Ball 1-0: Called Strike 1-1: Swinging Strike 1-2: Ball 2-2: Strikes out looking
|
|
Batting: RHB Yonetoshi Muranaka
|
0-0: Called Strike 0-1: Ball 1-1: Ball 2-1: Fly out, F8 (Flyball, 8RS, EV 81.9 MPH)
|
| Top of the 4th over - 0 runs, 0 hits, 0 errors, 0 left on base; Rochester 1 - Omaha 0 |
| BOTTOM OF THE 4TH |
|
Omaha Storm Chasers batting - Pitching for Rochester Red Wings : RHP George Cooper
|
|
Batting: RHB Adam Martin
|
0-0: Called Strike 0-1: Called Strike 0-2: Strikes out swinging
|
|
Batting: LHB Pete Hansel
|
0-0: Called Strike 0-1: Ball 1-1: SOLO HOME RUN (Flyball, 9LD, EV 96.9 MPH), Distance : 350 ft
|
|
Batting: RHB Walt Cogswell
|
0-0: Ball 1-0: Ball 2-0: Ball 3-0: Called Strike 3-1: Called Strike 3-2: Foul Ball, location: 2F 3-2: Strikes out looking
|
|
Batting: LHB Robby Diaz
|
0-0: Called Strike 0-1: Ball 1-1: Foul Ball, location: 2F 1-2: Ball 2-2: Ground out 2-3 (Groundball, 2R, EV 62.5 MPH)
|
| Bottom of the 4th over - 1 run, 1 hit, 0 errors, 0 left on base; Rochester 1 - Omaha 1 |
| TOP OF THE 5TH |
|
Rochester Red Wings batting - Pitching for Omaha Storm Chasers : RHP Joe Jordahl
|
|
Batting: RHB Tony Rivera
|
0-0: Ball 1-0: Fly out, F7 (Flyball, 7S, EV 90.0 MPH)
|
|
Batting: RHB Aaron Trotman
|
0-0: Ball 1-0: SOLO HOME RUN (Flyball, 7LD, EV 91.2 MPH), Distance : 337 ft
|
|
Batting: RHB Alex Sandoval
|
0-0: Ball 1-0: SOLO HOME RUN (Flyball, 9D, EV 91.9 MPH), Distance : 347 ft
|
|
Batting: RHB Väinö Tapaninen
|
0-0: Called Strike 0-1: Ball 1-1: Swinging Strike 1-2: Ground out 1-3 (Groundball, 15S, EV 70.6 MPH)
|
|
Batting: LHB Yat-sen Zhu
|
0-0: Ball 1-0: SINGLE (Line Drive, 8LS, EV 88.1 MPH)
|
|
Pitching: RHP Brian Straub
|
|
|
Batting: RHB Jimmy Buzard
|
0-0: Ground out 4-3 (Groundball, 4, EV 89.4 MPH)
|
| Top of the 5th over - 2 runs, 3 hits, 0 errors, 1 left on base; Rochester 3 - Omaha 1 |
| BOTTOM OF THE 5TH |
|
Omaha Storm Chasers batting - Pitching for Rochester Red Wings : RHP George Cooper
|
|
Batting: LHB Danny Bailey
|
0-0: Ball 1-0: Called Strike 1-1: Fly out, F6 (Popup, 6, EV 62.5 MPH)
|
|
Batting: RHB Marco Diaz
|
0-0: Ball 1-0: Ball 2-0: Called Strike 2-1: Ball 3-1: Base on Balls
|
|
Batting: RHB Jerry Castillo
|
0-0: Foul Ball, location: 2F 0-1: SINGLE (Groundball, 4M, EV 96.2 MPH) Marco Diaz to second Runner from 2nd tries for 3rd, SAFE, throw by CF made to third
|
|
Batting: RHB Matt Belgard
|
0-0: Called Strike 0-1: Ball 1-1: Called Strike 1-2: Strikes out swinging
|
|
Batting: LHB Roman Downey
|
0-0: Ball 1-0: Ball 2-0: Foul Ball, location: 2F 2-1: Ball 3-1: Fly out, F9 (Line Drive, 9S, EV 102.5 MPH)
|
| Bottom of the 5th over - 0 runs, 1 hit, 0 errors, 2 left on base; Rochester 3 - Omaha 1 |
| TOP OF THE 6TH |
|
Rochester Red Wings batting - Pitching for Omaha Storm Chasers : RHP Brian Straub
|
|
Batting: RHB Israel Gaona
|
0-0: Called Strike 0-1: Swinging Strike 0-2: Strikes out looking
|
|
Batting: LHB Gerardo Flores
|
0-0: Ball 1-0: Ground out 5-3 (Groundball, 56, EV 100.0 MPH)
|
|
Batting: RHB Yonetoshi Muranaka
|
0-0: Ball 1-0: Ground out 6-3 (Groundball, 6, EV 103.8 MPH)
|
| Top of the 6th over - 0 runs, 0 hits, 0 errors, 0 left on base; Rochester 3 - Omaha 1 |
| BOTTOM OF THE 6TH |
|
Omaha Storm Chasers batting - Pitching for Rochester Red Wings : RHP George Cooper
|
|
Batting: RHB Adam Martin
|
0-0: Called Strike 0-1: Foul Ball, location: 2F 0-2: Fly out, F9 (Flyball, 9, EV 85.0 MPH)
|
|
Batting: LHB Pete Hansel
|
0-0: Foul Ball, location: 2F 0-1: Ball 1-1: Swinging Strike 1-2: Foul Ball, location: 2F 1-2: Ball 2-2: Fly out, F6 (Popup, 5D, EV 65.6 MPH)
|
|
Batting: RHB Walt Cogswell
|
0-0: Ball 1-0: Ball 2-0: Called Strike 2-1: Swinging Strike 2-2: Ball 3-2: Foul Ball, location: 2F 3-2: Strikes out swinging
|
| Bottom of the 6th over - 0 runs, 0 hits, 0 errors, 0 left on base; Rochester 3 - Omaha 1 |
| TOP OF THE 7TH |
|
Rochester Red Wings batting - Pitching for Omaha Storm Chasers : RHP Brian Straub
|
|
Batting: RHB Tony Rivera
|
0-0: Ball 1-0: Called Strike 1-1: Foul Ball, location: 2F 1-2: SINGLE (Groundball, 6M, EV 94.4 MPH)
|
|
Batting: RHB Aaron Trotman
|
0-0: Called Strike Tony Rivera is caught stealing 2nd base 2-4 0-1: Swinging Strike 0-2: Foul Ball, location: 2F 0-2: Ball 1-2: Ball 2-2: Strikes out looking
|
|
Batting: RHB Alex Sandoval
|
0-0: Ground out 4-3 (Groundball, 4, EV 107.5 MPH)
|
| Top of the 7th over - 0 runs, 1 hit, 0 errors, 0 left on base; Rochester 3 - Omaha 1 |
| BOTTOM OF THE 7TH |
|
Omaha Storm Chasers batting - Pitching for Rochester Red Wings : RHP George Cooper
|
|
Batting: LHB Robby Diaz
|
0-0: Ball 1-0: Foul Ball, location: 2F 1-1: Ball 2-1: Ball 3-1: Foul Ball, location: 2F 3-2: Strikes out looking
|
|
Pitching: LHP Tim Fried
|
|
|
Pinch Hitting: RHB Aaron Moore
|
0-0: Ball 1-0: Ball 2-0: Called Strike 2-1: Ball 3-1: Foul Ball, location: 2F 3-2: Ground out 6-3 (Groundball, 6, EV 83.1 MPH)
|
|
Batting: RHB Marco Diaz
|
0-0: Called Strike 0-1: Ball 1-1: Ball 2-1: Swinging Strike 2-2: Strikes out swinging
|
| Bottom of the 7th over - 0 runs, 0 hits, 0 errors, 0 left on base; Rochester 3 - Omaha 1 |
| TOP OF THE 8TH |
|
Rochester Red Wings batting - Pitching for Omaha Storm Chasers : RHP Brian Straub
|
|
Now at SS: Aaron Moore
|
|
|
Now in LF: Pete Hansel
|
|
|
Now in CF: Walt Cogswell
|
|
|
Batting: RHB Väinö Tapaninen
|
0-0: Foul Ball, location: 2F 0-1: Ball 1-1: Foul Ball, location: 2F 1-2: Strikes out swinging
|
|
Batting: LHB Yat-sen Zhu
|
0-0: Ground out 3-1 (Groundball, 34, EV 100.0 MPH)
|
|
Batting: RHB Jimmy Buzard
|
0-0: Ball 1-0: Ball 2-0: Ball 3-0: Base on Balls
|
|
Batting: RHB Israel Gaona
|
0-0: Ball 1-0: Foul Ball, location: 2F 1-1: Ground out 5-3 (Groundball, 56S, EV 79.4 MPH)
|
| Top of the 8th over - 0 runs, 0 hits, 0 errors, 1 left on base; Rochester 3 - Omaha 1 |
| BOTTOM OF THE 8TH |
|
Omaha Storm Chasers batting - Pitching for Rochester Red Wings : LHP Tim Fried
|
|
Batting: RHB Jerry Castillo
|
0-0: Ball 1-0: Called Strike 1-1: Ball 2-1: Called Strike 2-2: Foul Ball, location: 2F 2-2: Ball 3-2: Base on Balls
|
|
Batting: RHB Matt Belgard
|
0-0: Called Strike 0-1: Swinging Strike 0-2: Strikes out swinging
|
|
Batting: LHB Roman Downey
|
0-0: Ball 1-0: Ball 2-0: SINGLE (Groundball, 3D, EV 99.4 MPH) Jerry Castillo to second Runner from 2nd tries for 3rd, SAFE, throw by RF made to third
|
|
Batting: RHB Adam Martin
|
0-0: Called Strike 0-1: Ball 1-1: Ball 2-1: Ball 3-1: Swinging Strike 3-2: 3-RUN HOME RUN (Line Drive, 9LD, EV 94.4 MPH), Distance : 347 ft
|
|
Pitching: LHP Ryan Fulford
|
|
|
Batting: LHB Pete Hansel
|
0-0: Called Strike 0-1: Ball 1-1: Ball 2-1: Swinging Strike 2-2: Foul Ball, location: 2F 2-2: Ball 3-2: Strikes out swinging
|
|
Batting: RHB Walt Cogswell
|
0-0: SINGLE (Flyball, 5D, EV 95.0 MPH)
|
|
Batting: LHB Robby Diaz
|
0-0: Ball 1-0: Fly out, F8 (Line Drive, 8RS, EV 89.4 MPH)
|
| Bottom of the 8th over - 3 runs, 3 hits, 0 errors, 1 left on base; Rochester 3 - Omaha 4 |
| TOP OF THE 9TH |
|
Rochester Red Wings batting - Pitching for Omaha Storm Chasers : RHP Brian Straub
|
|
Pitching: RHP Terry Romaine
|
|
|
Batting: LHB Gerardo Flores
|
0-0: Called Strike 0-1: Swinging Strike 0-2: Ball 1-2: Strikes out swinging
|
|
Pinch Hitting: SHB Gerardo Flores
|
0-0: Ball 1-0: Called Strike 1-1: Ball 2-1: Foul Ball, location: 2F 2-2: Ball 3-2: Fly out, F8 (Flyball, 89M, EV 95.6 MPH)
|
|
Pinch Hitting: SHB Brian Bagley
|
0-0: Ball 1-0: Foul Ball, location: 2F 1-1: Swinging Strike 1-2: Ball 2-2: Foul Ball, location: 2F 2-2: Ball 3-2: Base on Balls
|
|
Batting: RHB Aaron Trotman
|
0-0: Ball 1-0: Called Strike 1-1: Ground out 1-3 (Groundball, 13S, EV 64.4 MPH)
|
| Top of the 9th over - 0 runs, 0 hits, 0 errors, 1 left on base; Rochester 3 - Omaha 4 |
|